Map: Catalyst LE

Players

Gerald

  • Race: Protoss Protoss
  • Spawn Location: 5:00

SKillous (Elroye) - Winner!

  • Race: Zerg Zerg
  • Spawn Location: 11:00

Event: WCS Valencia 2018

VOD

Have the link to the VOD?

Description

Time

  • Played on: July 12, 2018, 6:52 a.m.
  • Length: 19:30

All games in this series

Show
View Real Time Build Order
Export as new Build Order

Gerald Protoss 

Build Orders: 1 Gate Expand, Oracle Opening, Phoenix Opening 

Get SALT Encoding   

  12  0:00  Probe  
  13  0:12  Probe  
  14  0:20  Pylon  
  14  0:24  Probe  
  15  0:30  Assimilator  
  15  0:34  Probe  
  16  0:44  Probe  
  16  0:45  Gateway  
  17  0:55  Probe  
  18  1:07  Probe  
  19  1:20  Probe  
  19  1:21  Pylon  
  20  1:34  Nexus  
  20  1:38  Probe  
  21  1:43  Cybernetics Core  
  21  1:50  Probe  
  22  1:55  Assimilator  
  22  1:56  Pylon  
  22  2:02  Probe  
  23  2:12  Adept  
  23  2:17  Probe  
  26  2:27  Stargate  
  26  2:29  Probe  
  27  2:30  Adept  
  27  2:38  Warp Gate  
  27  2:41  Probe  
  30  2:46  Probe  
  31  2:53  Probe  
  31  2:55  Adept  
  34  2:59  Probe  
  35  3:05  Probe  
  35  3:07  Oracle  
  37  3:12  Probe  
  37  3:19  Gateway, Probe  
  41  3:25  Probe  
  41  3:26  Pylon  
  42  3:38  Probe  
  43  3:45  Probe  
  42  3:49  Phoenix  
  42  3:50  Probe  
  41  3:57  Twilight Council, Probe  
  41  3:59  Assimilator  
  41  4:02  Probe  
  45  4:04  Oracle  
  45  4:06  Gateway  
  45  4:07  Gateway  
  45  4:09  Probe  
  46  4:13  Resonating Glaives  
  49  4:17  Probe  
  50  4:24  Pylon  
  50  4:25  Gateway  
  50  4:29  Gateway  
  50  4:30  Probe  
  51  4:32  Probe  
  52  4:44  Pylon, Probe  
  53  4:47  Adept x2  
  57  4:53  Probe  
  57  4:56  Pylon  
  57  4:58  Pylon  
  57  5:20  Nexus  
  57  5:21  Adept x3  
  56  5:22  Pylon  
  56  5:27  Adept  
  62  5:40  Robotics Facility, Adept x2  
  66  5:47  Adept x3  
  71  5:54  Probe  
  72  6:02  Adept x2  
  72  6:03  Adept  
  78  6:04  Probe  
  78  6:09  Probe  
  78  6:12  Adept  
  78  6:17  Probe  
  80  6:22  Adept x2  
  80  6:23  Adept  
  85  6:26  Void Ray  
  85  6:37  Probe  
  85  6:39  Immortal  
  80  6:48  Probe  
  80  6:50  Probe  
  78  6:59  Sentry x3  
  78  7:00  Probe  
  81  7:02  Probe  
  81  7:03  Probe  
  83  7:11  Immortal  
  83  7:12  Robotics Facility, Probe  
  83  7:14  Probe  
  86  7:15  Probe  
  90  7:24  Probe  
  90  7:25  Pylon  
  90  7:26  Probe  
  92  7:32  Sentry  
  92  7:37  Probe  
  95  7:38  Assimilator  
  95  7:40  Assimilator  
  95  7:41  Probe  
  95  7:42  Probe  
  97  7:45  Gateway  
  97  7:49  Pylon  
  97  7:50  Gateway, Adept  
  97  7:51  Adept x2  
  103  7:52  Probe  
  103  7:53  Warp Prism, Probe  
  105  7:59  Observer, Adept  
  110  8:08  Adept x2  
  110  8:10  Probe  
  115  8:17  Adept, Pylon  
  115  8:18  Adept x2  
  121  8:24  Stalker  
  123  8:29  Pylon, Probe x2  
  125  8:36  Pylon  
  125  8:37  Pylon  
  125  8:38  Pylon  
  125  8:44  Adept x4  
  133  8:49  Adept x2  
  133  8:50  Sentry  
  133  8:51  Sentry  
  124  9:21  Adept x4  
  124  9:23  Adept x4  
  120  9:33  Immortal  
  120  9:37  Immortal  
  80  9:50  Adept x7  
  80  9:51  Adept  
  96  9:57  Robotics Bay  
  96  10:02  Immortal  
  96  10:10  Sentry x2  
  96  10:11  Adept x2  
  96  10:12  Adept x4  
  116  10:16  Immortal  
  120  10:31  Adept  
  120  10:32  Adept x7  
  116  10:54  Adept x8  
  116  10:55  Probe  
  101  11:14  Disruptor x2  
  101  11:15  Adept x2  
  101  11:16  Adept x6  
  99  11:37  Adept x8  
  99  11:39  Disruptor  
  115  11:47  Disruptor  
  115  11:52  Assimilator  
  121  12:02  Nexus  
  121  12:04  Pylon  
  121  12:05  Disruptor  
  121  12:07  Adept x3  
  127  12:10  Probe  
  127  12:24  Adept x3  
  127  12:25  Adept  
  133  12:30  Adept x2  
  133  12:34  Pylon  
  137  12:41  Adept x2  
  138  12:50  Disruptor  
  141  12:51  Adept x2  
  145  13:05  Disruptor  
  139  13:18  Disruptor  
  125  13:32  Disruptor  
  102  13:36  Adept x2  
  102  13:37  Adept x6, Probe  
  102  13:42  Probe  
  102  13:45  Probe  
  102  13:46  Probe  
  108  13:50  Probe  
  108  13:54  Assimilator  
  109  13:56  Assimilator  
  109  13:57  Adept x2  
  109  13:58  Adept x5  
  120  14:12  Disruptor  
  121  14:22  Adept x7  
  121  14:23  Adept  
  126  14:34  Observer  
  125  14:38  Disruptor  
  125  14:43  Forge  
  126  14:52  Adept x8  
  144  14:56  Disruptor  
  147  15:08  Robotics Facility  
  147  15:17  Disruptor  
  150  15:31  Disruptor  
  128  15:45  Disruptor  
  106  15:50  Stalker  
  106  15:51  Stalker x6  
  106  15:55  Disruptor  
  118  15:58  Disruptor  
  114  16:19  Disruptor, Stalker  
  114  16:20  Stalker x2  
  117  16:37  Disruptor  
  106  16:41  Observer  
  109  17:10  Nexus  
  109  17:27  Pylon  
  109  17:30  Disruptor  
  109  17:31  Disruptor x2  
  118  17:53  Sentry x7  
  132  18:01  Probe  
  133  18:05  Adept  
  118  18:31  Adept  
  118  18:32  Adept x5  
  98  18:50  Adept  
  98  18:51  Adept  
  58  19:14  Sentry, Zealot x3  
Show
View Real Time Build Order
Export as new Build Order

SKillous Zerg - Winner!

Build Orders: Hatch First, Lurkers, Roach Hydra 

Get SALT Encoding   

  12  0:00  Drone  
  13  0:12  Overlord  
  13  0:17  Drone  
  14  0:30  Drone  
  14  0:31  Drone  
  16  0:36  Drone  
  17  0:53  Drone  
  18  1:02  Hatchery  
  18  1:03  Drone  
  18  1:09  Extractor  
  17  1:15  Spawning Pool  
  17  1:16  Drone  
  17  1:20  Drone  
  18  1:28  Drone  
  19  1:39  Drone  
  20  1:48  Hatchery  
  19  1:58  Drone  
  19  2:00  Drone  
  21  2:11  Metabolic Boost  
  21  2:13  Queen  
  23  2:19  Zergling x2  
  24  2:23  Queen  
  26  2:31  Overlord  
  26  2:34  Zergling x2  
  27  2:38  Drone  
  28  2:52  Drone x2  
  28  2:54  Queen  
  28  2:56  Drone  
  28  2:57  Drone  
  34  3:13  Queen  
  34  3:14  Drone x2  
  34  3:16  Drone  
  34  3:17  Overlord  
  34  3:18  Drone x2  
  41  3:20  Zergling x2  
  38  3:42  Drone x3  
  38  3:43  Drone x2  
  38  3:45  Spore Crawler  
  38  3:47  Spore Crawler  
  40  3:48  Zergling x2, Spore Crawler  
  40  3:49  Zergling x2  
  40  3:51  Drone  
  41  3:56  Drone x2  
  41  3:58  Drone  
  41  4:02  Drone  
  41  4:12  Drone x2  
  41  4:13  Drone x2  
  41  4:17  Drone  
  46  4:23  Drone x3  
  49  4:26  Overlord, Drone  
  49  4:29  Overlord  
  49  4:30  Lair  
  50  4:34  Extractor  
  50  4:35  Overlord  
  49  4:43  Roach Warren  
  48  4:47  Drone x2  
  48  4:48  Drone  
  48  4:50  Drone x3  
  54  4:57  Zergling x2  
  54  4:58  Zergling x6  
  58  5:02  Drone x2  
  57  5:20  Drone x2  
  57  5:21  Drone x4  
  61  5:27  Roach  
  61  5:28  Overlord, Roach  
  65  5:29  Glial Reconstitution  
  65  5:34  Extractor  
  64  5:37  Drone  
  64  5:38  Overlord  
  65  5:52  Roach x5  
  65  5:56  Spine Crawler  
  73  5:57  Spine Crawler  
  73  6:02  Spine Crawler  
  71  6:05  Roach  
  71  6:06  Roach x4  
  71  6:08  Zergling x2  
  71  6:10  Overlord  
  81  6:19  Zergling x2  
  81  6:24  Zergling x12  
  82  6:27  Overlord  
  76  6:43  Drone x6  
  79  6:47  Drone x2  
  78  6:56  Drone x4  
  78  6:57  Drone x4  
  85  7:04  Extractor  
  85  7:07  Extractor, Queen  
  85  7:14  Drone x6  
  91  7:20  Extractor  
  90  7:24  Hydralisk Den  
  90  7:27  Evolution Chamber  
  90  7:29  Roach x5  
  97  7:39  Hatchery  
  97  7:40  Overlord, Drone  
  97  7:48  Overlord x2  
  97  7:57  Overlord  
  97  8:02  Drone x4  
  97  8:05  Grooved Spines, Hydralisk x8  
  102  8:07  Ravager x2  
  102  8:08  Ravager  
  102  8:10  Drone  
  120  8:14  Hydralisk, Drone  
  120  8:15  Roach x2  
  120  8:18  Overseer  
  127  8:24  Overlord x2  
  127  8:36  Drone x2  
  127  8:41  Overlord x2  
  129  8:44  Hydralisk x4, Roach  
  129  8:45  Roach x3  
  145  8:49  Overlord x2  
  145  8:51  Zerg Missile Weapons Level 1  
  145  8:55  Ravager x2  
  147  9:05  Hydralisk x2  
  147  9:06  Hydralisk, Roach x4  
  153  9:15  Hydralisk x2  
  153  9:16  Roach x2  
  157  9:18  Zergling x2, Roach  
  157  9:19  Zergling x4  
  160  9:30  Hydralisk x3  
  160  9:31  Roach x3  
  155  9:33  Hydralisk  
  135  9:39  Hydralisk  
  135  9:40  Zergling x6, Roach x2  
  135  9:48  Hydralisk x2  
  135  9:49  Roach, Queen  
  143  9:53  Zergling x2  
  143  9:55  Muscular Augments  
  144  10:02  Hydralisk x2  
  144  10:03  Zergling x6, Roach  
  144  10:05  Hydralisk  
  144  10:06  Roach  
  144  10:07  Zergling x2  
  158  10:09  Roach  
  158  10:11  Roach  
  158  10:12  Roach  
  158  10:14  Roach  
  168  10:21  Roach x4  
  168  10:28  Overlord x2, Zergling x2  
  161  10:44  Roach  
  161  10:45  Roach x9  
  161  10:46  Roach  
  160  11:02  Hydralisk x4, Roach  
  160  11:03  Roach x4  
  154  11:04  Zergling x2  
  154  11:10  Roach x2  
  143  11:11  Hydralisk  
  143  11:12  Zergling x2  
  136  11:19  Hydralisk x2  
  136  11:20  Roach  
  136  11:22  Roach  
  142  11:28  Hydralisk  
  142  11:29  Roach x2  
  138  11:37  Drone  
  138  11:38  Drone x6  
  145  11:42  Hydralisk  
  145  11:43  Roach  
  149  11:50  Lurker Den  
  148  11:57  Hydralisk x2, Roach  
  148  11:58  Roach x2  
  148  12:00  Hydralisk  
  160  12:03  Zerg Missile Weapons Level 2  
  160  12:23  Hydralisk  
  160  12:24  Hydralisk x3, Roach x2  
  160  12:25  Roach x3  
  168  12:33  Zergling x14  
  141  12:51  Hydralisk x2  
  141  12:52  Hydralisk x3, Roach x3  
  141  12:53  Roach  
  141  12:55  Hydralisk  
  153  13:06  Hydralisk x2  
  153  13:07  Roach x2  
  153  13:12  Hydralisk x3  
  159  13:13  Roach x2  
  159  13:18  Hydralisk  
  159  13:19  Roach x2  
  151  13:31  Hydralisk  
  151  13:32  Hydralisk x2, Roach x3  
  151  13:33  Roach  
  134  13:35  Zergling x2, Roach  
  134  13:40  Hydralisk  
  139  13:41  Roach x2  
  139  13:44  Overseer  
  139  13:46  Lurker x2  
  131  13:57  Hydralisk x3, Roach  
  131  13:58  Roach x2  
  131  13:59  Roach  
  131  14:00  Zergling x2  
  146  14:07  Hydralisk x2  
  146  14:08  Roach  
  152  14:13  Hydralisk  
  152  14:14  Roach x2  
  133  14:32  Hydralisk x3  
  133  14:33  Hydralisk, Roach x4  
  133  14:34  Zergling x4, Roach  
  133  14:38  Overlord  
  150  14:49  Lurker x2  
  150  14:50  Zergling x2  
  150  14:51  Zergling x16  
  161  14:54  Zerg Melee Weapons Level 1  
  161  15:01  Lurker  
  161  15:02  Zergling x6  
  161  15:03  Zergling x2  
  161  15:05  Roach  
  161  15:06  Ravager  
  169  15:14  Hatchery  
  168  15:15  Hydralisk x2  
  168  15:16  Zergling x2, Roach x2  
  164  15:40  Hydralisk  
  164  15:41  Hydralisk x5, Roach x2  
  164  15:42  Roach x3  
  156  16:15  Hydralisk x2  
  156  16:16  Hydralisk x4, Roach x3  
  156  16:17  Roach x2  
  178  16:21  Hydralisk x3  
  178  16:22  Roach x2  
  185  16:28  Hydralisk  
  185  16:29  Roach x2  
  171  16:49  Hydralisk x3  
  171  16:50  Hydralisk, Roach x3  
  171  16:51  Roach  
  188  16:54  Lurker  
  188  16:55  Lurker  
  151  17:23  Zergling x26  
  151  17:24  Zergling x4  
  166  17:43  Lurker x2  
  166  17:44  Hydralisk x2, Lurker x3  
  156  17:45  Roach x3  
  156  17:51  Zergling x4, Roach x3  
  173  17:57  Extractor  
  173  17:58  Hydralisk  
  173  17:59  Zergling x2, Roach x2  
  173  18:00  Zergling x6  
  183  18:09  Extractor  
  142  18:27  Hydralisk x2  
  142  18:28  Hydralisk x3, Roach x3  
  142  18:29  Roach x2  
  142  18:32  Hydralisk  
  142  18:33  Zergling x6, Roach x2  
  142  18:34  Zergling x4  
  154  18:50  Hydralisk x2  
  154  18:51  Hydralisk, Roach x3  
  154  18:52  Zergling x4  
  148  19:01  Hydralisk  
  148  19:02  Hydralisk, Roach x2  
Tags
 
Add a new tag
Caveats
  • Supply blocks, unpowered buildings, or Contaminate may cause inaccurate times.
  • Supply counts are checked every 10 seconds.